 Dungeon Crawl Stone Soup version 0.24.1-11-gbbbb2193e6 (webtiles) character file.

Game seed: 3633224697229831562, levelgen mode: deterministic

181038 Curus the Slayer (level 17, -8/173 HPs)
             Began as a Minotaur Monk on May 15, 2020.
             Was the Champion of Okawaru.
             Mangled by a faun
             ... wielding a +0 spear
             ... led by a satyr
              (15 damage)
             ... on level 4 of the Shoals on May 16, 2020.
             The game lasted 03:43:09 (25155 turns).

Curus the Slayer (Minotaur Monk)                   Turns: 25155, Time: 03:43:09

Health: -8/173     AC: 16    Str: 24    XL:     17   Next: 66%
Magic:  0/22       EV: 32    Int: 11    God:    Okawaru [******]
Gold:   2426       SH: 11    Dex: 21    Spells: 16/16 levels left

rFire    + . .     SeeInvis +   R - +4 demon trident (venom)
rCold    + + +     Gourm    .   T - +2 buckler {reflect}
rNeg     . . .     Faith    .   a - +5 ring mail of Vestruuge {rElec rC+ MR+}
rPois    +         Spirit   +   p - +1 hat
rElec    +         Reflect  +   o - scarf {rC+ rF+}
rCorr    .         Harm     .   P - +0 pair of gloves "Nesy" {*Corrode +Inv rPois Str+6} (curse)
MR       ++++.     Clarity  +   U - +0 pair of boots of the Boiling Point {Dex+2 Slay+3}
Stlth    +++.......             Z - amulet of Winter {Spirit rC+ SInv}
HPRegen  0.78/turn              q - ring of the Mage {Wiz MR++ Int+3}
MPRegen  0.18/turn              W - ring of flight

@: heroism, flying, studying Invocations
A: retaliatory headbutt, horns 2, thin metallic scales 1, agile 1, clarity,
regeneration 1
a: Heroism, Finesse, Renounce Religion, Evoke Invisibility, Stop Flying


You were on level 4 of the Shoals.
You worshipped Okawaru.
Okawaru was exalted by your worship.
You were not hungry.

You visited 5 branches of the dungeon, and saw 30 of its levels.
You also visited: Gauntlet and Volcano.

You collected 4414 gold pieces.
You spent 1988 gold pieces at shops.

Inventory:

Hand Weapons
 R - a +4 demon trident of venom (weapon)
Armour
 a - the +5 ring mail of Vestruuge (worn) {rElec rC+ MR+}
   (Okawaru gifted it to you on level 5 of the Lair of Beasts)

   It protects you from cold.
   It insulates you from electricity.
   It affects your resistance to hostile enchantments.
 d - the quicksilver dragon scales "Etzedgh" {rN+ MR+}
   (Okawaru gifted it to you on level 3 of the Shoals)

   It protects you from negative energy.
   It affects your resistance to hostile enchantments.
 o - a scarf of resistance (worn)
 p - a +1 hat (worn)
 P - the cursed +0 pair of gloves "Nesy" (worn) {*Corrode +Inv rPois Str+6}
   (You found it in a Gauntlet)

   It affects your strength (+6).
   It protects you from poison.
   It lets you turn invisible.
   It may corrode you when you take damage.
   It has a curse placed upon it.
 T - a +2 buckler of reflection (worn)
 U - the +0 pair of boots of the Boiling Point (worn) {Dex+2 Slay+3}
   (Okawaru gifted it to you on level 1 of the Lair of Beasts)

   It affects your dexterity (+2).
   It affects your accuracy and damage with ranged weapons and melee attacks
   (+3).
 Y - +0 acid dragon scales
Jewellery
 j - an uncursed ring of protection from fire
 k - a +4 amulet of reflection
 q - the ring of the Mage (left hand) {Wiz MR++ Int+3}
   (You found it on level 6 of the Lair of Beasts)

   [ring of wizardry]

   It improves your spell success rate.
   It affects your intelligence (+3).
   It affects your resistance to hostile enchantments.
 s - an uncursed ring of see invisible
 y - an uncursed amulet of regeneration
 z - an uncursed ring of protection from fire
 C - the ring "Boacs" {rPois AC+2 Str+2}
   (You bought it in a shop on level 7 of the Dungeon)

   [ring of protection]

   It affects your AC (+2).
   It affects your strength (+2).
   It protects you from poison.
 V - a +5 ring of protection
 W - a ring of flight (right hand)
 Z - the amulet of Winter (around neck) {Spirit rC+ SInv}
   (You found it in a Gauntlet)

   [amulet of guardian spirit]

   It causes incoming damage to be split between your health and magic.
   It protects you from cold.
   It lets you see invisible.
Wands
 r - a wand of flame (43)
 w - a wand of digging (35)
 x - a wand of paralysis (6)
 D - a wand of polymorph (39)
 I - a wand of enslavement (16)
 K - a wand of acid (32)
 L - a wand of iceblast (34)
 M - a wand of disintegration (41)
Scrolls
 e - 6 scrolls of fog
 f - 16 scrolls of identify
 i - 3 scrolls of fear
 l - 10 scrolls of teleportation
 v - a scroll of enchant weapon
 E - 6 scrolls of magic mapping
 H - a scroll of amnesia
 N - 16 scrolls of remove curse
 Q - a scroll of summoning
Potions
 b - 2 potions of might
 g - 2 potions of flight
 h - 2 potions of resistance
 m - 3 potions of agility
 n - 16 potions of curing
 t - 5 potions of berserk rage
 F - a potion of invisibility
 J - a potion of magic
 O - 2 potions of cancellation
 S - 3 potions of haste
Books
 u - a manual of Invocations
Miscellaneous
 A - a fan of gales
 B - a phantom mirror
 G - a lamp of fire
Comestibles
 c - 37 rations


   Skills:
 + Level 21.1(26.1) Fighting
 - Level 14.0(19.0) Polearms
 + Level 19.6(24.6) Dodging
 - Level 1.5(6.5) Stealth
 - Level 9.7(14.7) Shields
 - Level 7.5 Invocations
 - Level 9.1 Evocations


You had 16 spell levels left.
You didn't know any spells.
Your spell library contained the following spells:

 Spells                   Type           Power        Failure   Level  Hunger
 Animate Skeleton         Necr           N/A          21%         1    ##.....
 Apportation              Tloc           #.....       21%         1    ##.....
 Confusing Touch          Hex            #.....       21%         1    ##.....
 Freeze                   Ice            #...         21%         1    ##.....
 Infusion                 Chrm           #...         21%         1    ##.....
 Summon Small Mammal      Summ           #...         21%         1    ##.....
 Shroud of Golubria       Chrm/Tloc      #.....       32%         2    ###....
 Song of Slaying          Chrm           #.......     32%         2    ###....
 Confuse                  Hex            #.......     52%         3    ####...
 Gell's Gravitas          Tloc           #.........   52%         3    ####...
 Portal Projectile        Hex/Tloc       #.....       52%         3    ####...
 Regeneration             Chrm/Necr      #.........   52%         3    ####...
 Spectral Weapon          Hex/Chrm       #.......     52%         3    ####...
 Cause Fear               Hex            #.........   88%         4    #####..
 Leda's Liquefaction      Hex/Erth       #.........   88%         4    #####..
 Petrify                  Tmut/Erth      #.......     88%         4    #####..
 Summon Ice Beast         Ice/Summ       #.......     88%         4    #####..
 Throw Icicle             Conj/Ice       #.......     88%         4    #####..
 Bolt of Magma            Conj/Fire/Erth #.........   99%         5    ######.
 Metabolic Englaciation   Hex/Ice        #.........   99%         5    ######.
 Silence                  Hex/Air        #.........   99%         5    ######.
 Yara's Violent Unravell  Hex/Tmut       #.........   99%         5    ######.
 Deflect Missiles         Chrm/Air       #.........   100%        6    #######
 Iron Shot                Conj/Erth      #.........   100%        6    #######
 Statue Form              Tmut/Erth      #........    100%        6    #######
 Discord                  Hex            #.........   100%        8    #######
 Shatter                  Erth           #.........   100%        9    #######


Dungeon Overview and Level Annotations

Branches:
Dungeon (15/15)            Temple (0/1) D:4            Lair (6/6) D:11
 Shoals (4/4) Lair:4       Spider (3/4) Lair:4        Slime (0/5) Lair:5
    Orc (2/2) D:12            Elf (0/3) Orc:2        Vaults (0/5) D:14
 Depths (0/5) D:15        Volcano (visited)         Gauntlet (visited)

Altars:
Ashenzari
Dithmenos
Fedhas
Nemelex Xobeh
Okawaru
Trog
Uskayaw
Beogh

Shops:
D:7 =   D:10 (![   D:11 :   D:13 (   D:15 =*(:%   Orc:2 ([*:

Annotations:
Lair:5 exclusion: 2 oklob plants


Innate Abilities, Weirdness & Mutations

You reflexively headbutt those who attack you in melee.
You have a pair of horns on your head.
You are partially covered in thin metallic scales. (AC +2)
You are agile. (Dex +2)
You possess an exceptional clarity of mind.
Your natural rate of healing is unusually fast.


Message History

Press: ? - help, v - describe, . - travel, g - get item
Here: a faun, wielding a +0 spear (unusually strong)
A stone.
Some shallow water.
Unknown command.
Unknown command.
Unknown command.
You gain the combat prowess of a mighty hero.
The faun completely misses you. The faun hits you but does no damage.
The faun hits you from afar with a +0 spear.
* * * LOW HITPOINT WARNING * * *
You hit the faun.
You headbutt the faun, but do no damage.
The faun is almost dead.
The faun shoots a stone.
The stone misses you.
You hear a splash.
The faun completely misses you. The faun hits you with a +0 spear!!
* * * LOW HITPOINT WARNING * * *
The faun hits you from afar with a +0 spear!
You die...

≈≈≈≈≈≈≈≈≈##...≈...##...
≈≈≈≈≈≈≈≈≈≈###.#.#..##...
≈≈≈≈≈≈≈≈≈≈# #≈...≈##....
≈≈≈≈≈≈≈≈≈≈###.#.#.##..).
≈≈≈≈≈≈≈≈≈≈##(..≈...##...
≈≈≈≈≈≈≈..≈≈(#.##≈.)))...
≈.≈≈≈(...≈≈≈(#####..)...
≈≈≈$.c.c(≈≈≈≈≈# #......
≈≈...()@.≈≈≈≈≈≈≈........
≈≈..(..c.≈≈≈≈≈≈≈≈≈≈.....
≈≈≈≈≈c..≈≈≈≈≈≈≈≈≈≈≈≈....
≈≈≈≈≈≈≈≈≈≈≈≈(≈≈≈≈≈≈≈≈...
≈≈≈≈≈≈≈≈≈≈≈≈≈≈≈≈≈≈≈≈≈≈..
≈≈≈≈≈≈≈≈≈≈≈≈≈≈≈≈≈≈≈≈≈≈..
≈≈≈≈≈≈≈≈≈≈≈≈≈≈≈≈≈≈≈≈≈≈≈≈
≈≈≈≈≈≈≈≈≈≈≈≈≈≈≈ ≈≈≈≈≈≈≈
≈≈≈≈≈≈≈


You could see 4 fauns.

Vanquished Creatures
  Saint Roka (Orc:2)
  A kraken (Shoals:3)
  Asterion (Spider:1)
  A shadow dragon (D:13)
  Ilsuiw (Shoals:4)
  A ghost moth (Spider:2)
  An emperor scorpion (Spider:2)
  The ghost of Mryle the Unseen, an adept SpEn of Ashenzari (Shoals:3)
  A stone giant (Orc:2)
  4 entropy weavers
  Nessos (D:12)
  A minotaur (Gauntlet)
  5 merfolk javelineers
  2 ettins
  2 crystal guardians (D:14)
  A fire dragon (D:13)
  3 merfolk impalers
  A vault guard (D:14)
  3 hydras
  3 catoblepae
  2 satyrs
  3 merfolk avatars
  A merfolk aquamancer (Shoals:2)
  8 two-headed ogres
  A deep troll shaman (Lair:6)
  An ogre mage (D:15)
  A queen ant (Spider:3)
  4 death yaks (Lair:6)
  2 tengu warriors
  An orc high priest (Orc:2)
  A hell knight (Volcano)
  Sonja (D:13)
  Nergalle (Orc:1)
  A salamander mystic (Volcano)
  13 sea snakes
  3 unseen horrors
  A deep troll (D:15)
  An orange crystal statue (D:14)
  2 wizards (D:14)
  4 orc knights
  A lindwurm (Lair:6)
  9 orb spiders
  17 harpies
  6 cyclopes
  4 deep elf magi
  4 orc sorcerers
  4 salamanders (Volcano)
  10 fauns
  8 wolf spiders
  7 manticores
  Joseph (D:10)
  A moth of wrath (Spider:2)
  2 ugly things (D:13)
  20 elephants
  12 merfolk sirens
  3 water nymphs
  3 gargoyles
  4 black mambas
  8 spiny frogs
  A torpor snail (Spider:3)
  4 rime drakes
  A freezing wraith (D:13)
  6 komodo dragons
  2 yaktaurs
  2 tengu conjurers
  10 demonic crawlers
  3 trolls
  A tyrant leech (Gauntlet)
  A troll (shapeshifter) (D:13)
  6 hornets
  A meliai (D:13)
  3 wind drakes
  16 jumping spiders
  17 merfolk
  2 polar bears
  5 dream sheep (Lair:6)
  17 blink frogs
  16 hippogriffs
  10 slime creatures
  7 snapping turtles
  49 redbacks
  2 shadows
  19 tarantellas
  2 wraiths
  3 wyverns
  34 yaks
  8 water elementals
  20 humans (D:14)
  3 vampires
  4 basilisks
  2 hungry ghosts
  A steam dragon (D:10)
  Grum (D:8)
  6 vampire mosquitoes (D:15)
  2 swamp worms (Gauntlet)
  4 wargs
  An acid dragon (D:14)
  8 water moccasins
  26 soldier ants (Spider:3)
  10 porcupines
  Duvessa (D:7)
  2 hornet zombies
  4 ice beasts
  3 sky beasts
  35 orc warriors
  An eye of draining (D:11)
  3 black bears
  10 boggarts
  12 ogres
  A phantom (D:9)
  8 centaurs
  8 crocodiles
  19 wolves
  Blork the orc (D:4)
  A big kobold (D:13)
  24 bullfrogs
  A gnoll sergeant (D:10)
  A wyvern zombie (D:11)
  6 earth elementals (D:15)
  4 scorpions
  Dowan (D:7)
  5 killer bees (D:11)
  A wight (D:13)
  2 electric eels
  4 howler monkeys
  11 crimson imps
  4 centaur zombies
  3 bullfrog zombies
  6 hounds
  5 jellies
  22 orc priests
  32 orc wizards
  6 centaur skeletons
  6 iguanas
  4 bullfrog skeletons
  Natasha (thrice) (D:2)
  26 worker ants
  A killer bee zombie (D:7)
  A hound zombie (D:7)
  A hound skeleton (D:8)
  7 gnolls
  A worker ant zombie (D:11)
  11 adders
  2 shadow imps
  An ooze (D:1)
  2 adder skeletons
  2 worms
  3 dart slugs
  8 leopard geckos
  92 orcs
  2 ball pythons (D:2)
  3 giant cockroaches
  11 goblins
  7 hobgoblins
  6 jackals
  4 quokkas
  11 bats
  5 frilled lizards
  A jackal skeleton (D:2)
  A jackal zombie (D:6)
  17 kobolds
  A leopard gecko skeleton (D:4)
  9 rats
  2 plants
  2 tentacles (Shoals:3)
1047 creatures vanquished.

Vanquished Creatures (collateral kills)
  A bullfrog (Lair:2)
1 creature vanquished.

Vanquished Creatures (others)
  Nikola (Shoals:2)
  2 centaur warriors
  A faun (Shoals:1)
  A worker ant (Spider:3)
  An orc (Orc:2)
  31 fungi
  15 plants
  3 tentacles (Shoals:3)
55 creatures vanquished.

Grand Total: 1103 creatures vanquished

Notes
Turn   | Place    | Note
-------+----------+-------------------------------------------
     0 | D:1      | Curus the Minotaur Monk began the quest for the Orb.
     0 | D:1      | Reached XP level 1. HP: 19/19 MP: 0/0
    79 | D:1      | Reached XP level 2. HP: 12/26 MP: 1/1
   392 | D:1      | Reached skill level 5 in Polearms
   400 | D:1      | Reached XP level 3. HP: 30/31 MP: 2/2
   568 | D:1      | You fall into a shaft and drop 1 floor!
   568 | D:2      | Noticed Natasha
   580 | D:2      | Killed Natasha
   597 | D:2      | Reached XP level 4. HP: 33/39 MP: 3/3
   653 | D:2      | Found an iron altar of Okawaru.
   676 | D:2      | Noticed Natasha
   688 | D:2      | Killed Natasha
   713 | D:2      | Became a worshipper of Warmaster Okawaru
   713 | D:2      | Reached * piety under Okawaru
   713 | D:2      | Reached ** piety under Okawaru
   741 | D:2      | Noticed Natasha
   750 | D:2      | Killed Natasha
   762 | D:2      | Reached XP level 5. HP: 28/45 MP: 4/4
  1350 | D:3      | Gained mutation: You possess an exceptional clarity of
                  | mind. [potion of mutation]
  1350 | D:3      | Gained mutation: You are agile. (Dex +2) [potion of
                  | mutation]
  1350 | D:3      | Gained mutation: Your natural rate of healing is unusually
                  | fast. [potion of mutation]
  1350 | D:3      | Gained mutation: You are partially covered in thin metallic
                  | scales. (AC +2) [potion of mutation]
  1890 | D:4      | Reached XP level 6. HP: 40/51 MP: 5/5
  1904 | D:4      | Found a staircase to the Ecumenical Temple.
  2114 | D:4      | Noticed Blork the orc
  2124 | D:4      | Killed Blork the orc
  2184 | D:4      | Reached XP level 7. HP: 51/57 MP: 6/6
  2280 | D:4      | Reached *** piety under Okawaru
  2280 | D:4      | Reached skill level 10 in Polearms
  2446 | D:5      | Entered Level 5 of the Dungeon
  2821 | D:5      | Found a hide-covered altar of Uskayaw.
  2921 | D:6      | Received a gift from Okawaru
  2930 | D:6      | Reached XP level 8. HP: 56/64 MP: 7/7
  2978 | D:6      | Found a sparkling altar of Nemelex Xobeh.
  3018 | D:6      | Found a shattered altar of Ashenzari.
  3275 | D:6      | Found a bloodstained altar of Trog.
  3360 | D:6      | Found a shadowy altar of Dithmenos.
  3395 | D:6      | Reached **** piety under Okawaru
  3578 | D:7      | Noticed a hippogriff
  3592 | D:7      | Killed a hippogriff
  3694 | D:7      | Noticed Duvessa
  3695 | D:7      | Noticed Dowan
  3712 | D:7      | Killed Dowan
  3727 | D:7      | Killed Duvessa
  3930 | D:7      | Reached XP level 9. HP: 70/70 MP: 8/8
  4099 | D:7      | Found a sparkling altar of Nemelex Xobeh.
  4260 | D:7      | Reached skill level 4 in Fighting
  4265 | D:7      | Found Jyrphele's Jewellery Shoppe.
  4274 | D:7      | Bought the ring "Boacs" {rPois AC+2 Str+2} for 279 gold
                  | pieces
  4592 | D:8      | Noticed Grum
  4611 | D:8      | Killed Grum
  4611 | D:8      | Reached skill level 5 in Fighting
  4922 | D:8      | Reached skill level 5 in Dodging
  5036 | D:8      | Reached skill level 6 in Fighting
  5299 | D:9      | Reached skill level 7 in Fighting
  5305 | D:9      | Reached ***** piety under Okawaru
  5358 | D:9      | Noticed a troll
  5370 | D:9      | Killed a troll
  5408 | D:9      | Reached XP level 10. HP: 88/88 MP: 9/9
  5457 | D:9      | Reached skill level 8 in Fighting
  5719 | D:9      | Reached skill level 9 in Fighting
  5800 | D:9      | Identified Sif Muna's Compendium of Dislocation and the
                  | Glacier
  5842 | D:9      | Received a gift from Okawaru
  5848 | D:9      | Found a blossoming altar of Fedhas.
  5941 | D:10     | Entered Level 10 of the Dungeon
  5953 | D:10     | Noticed a two-headed ogre
  5972 | D:10     | Killed a two-headed ogre
  6051 | D:10     | Reached skill level 10 in Fighting
  6197 | D:10     | Found Giwino Wiarph's Distillery.
  6201 | D:10     | Bought a potion of heal wounds for 65 gold pieces
  6201 | D:10     | Bought 2 potions of curing for 78 gold pieces
  6201 | D:10     | Bought a potion of curing for 39 gold pieces
  6201 | D:10     | Bought a potion of curing for 39 gold pieces
  6201 | D:10     | Bought a potion of curing for 39 gold pieces
  6202 | D:10     | Noticed Joseph
  6223 | D:10     | Killed Joseph
  6362 | D:10     | Found Haudwiw's Weapon Emporium.
  6529 | D:10     | Reached skill level 10 in Dodging
  6529 | D:10     | Reached XP level 11. HP: 99/101 MP: 10/10
  6596 | D:10     | Found Nikluarph's Antique Armour Boutique.
  6679 | D:10     | Reached skill level 11 in Fighting
  6691 | D:10     | Received a gift from Okawaru
  6898 | D:11     | Found a staircase to the Lair.
  6988 | D:11     | Reached ****** piety under Okawaru
  7005 | Lair:1   | Entered Level 1 of the Lair of Beasts
  7064 | Lair:1   | Reached skill level 1 in Shields
  7064 | Lair:1   | Reached skill level 1 in Invocations
  7073 | Lair:1   | Noticed a five-headed hydra
  7080 | Lair:1   | Killed a five-headed hydra
  7098 | Lair:1   | Received a gift from Okawaru
  7099 | Lair:1   | Got a pair of dazzling boots {god gift}
  7205 | Lair:1   | Identified the +0 pair of boots of the Boiling Point {Dex+2
                  | Slay+3} (Okawaru gifted it to you on level 1 of the Lair of
                  | Beasts)
  7565 | Lair:1   | Reached skill level 1 in Evocations
  7884 | Lair:2   | Noticed a six-headed hydra
  7894 | Lair:2   | Killed a six-headed hydra
  8282 | Lair:2   | Reached skill level 5 in Invocations
  8868 | Lair:3   | Reached XP level 12. HP: 111/111 MP: 15/15
  9296 | Lair:3   | Reached skill level 5 in Evocations
  9884 | Lair:4   | Found a hole to the Spider Nest.
 10166 | Lair:4   | Found a staircase to the Shoals.
 10174 | Lair:4   | Reached skill level 12 in Fighting
 10616 | Lair:5   | Received a gift from Okawaru
 10626 | Lair:5   | Got a steaming ring mail {god gift}
 10788 | Lair:5   | Found a staircase to the Slime Pits.
 11480 | D:11     | Reached skill level 13 in Fighting
 11607 | D:11     | Found Wicsomp's Book Emporium.
 11743 | D:10     | Bought a pair of runed gloves for 202 gold pieces
 11753 | D:10     | Bought a pair of embroidered gloves for 202 gold pieces
 11765 | D:10     | Identified the +5 ring mail of Vestruuge {rElec rC+ MR+}
                  | (Okawaru gifted it to you on level 5 of the Lair of Beasts)
 11938 | Lair:6   | Entered Level 6 of the Lair of Beasts
 12042 | Lair:6   | Reached XP level 13. HP: 122/122 MP: 17/17
 12219 | Lair:6   | Reached skill level 14 in Fighting
 12333 | Lair:6   | Found a dark tunnel.
 12344 | Volcano  | Entered a volcano
 12509 | Volcano  | Received a gift from Okawaru
 12755 | Lair:6   | Reached skill level 15 in Fighting
 12899 | Lair:6   | Found the ring of the Mage {Wiz MR++ Int+3}
 12920 | Lair:6   | Identified a scroll of acquirement
 13016 | Lair:6   | Reached XP level 14. HP: 135/135 MP: 18/18
 13651 | D:12     | Found a staircase to the Orcish Mines.
 13720 | Orc:1    | Entered Level 1 of the Orcish Mines
 13725 | Orc:1    | Received a gift from Okawaru
 13738 | Orc:1    | Reached skill level 16 in Fighting
 13794 | Orc:1    | Noticed Nergalle
 13801 | Orc:1    | Killed Nergalle
 13853 | Orc:1    | Reached skill level 15 in Dodging
 14189 | Orc:2    | Entered Level 2 of the Orcish Mines
 14191 | Orc:2    | Noticed Saint Roka
 14346 | Orc:2    | Noticed a stone giant
 14357 | Orc:2    | Killed a stone giant
 14486 | Orc:2    | Found a staircase to the Elven Halls.
 14724 | Orc:2    | Received a gift from Okawaru
 14979 | Orc:2    | Killed Saint Roka
 14979 | Orc:2    | Reached skill level 17 in Fighting
 15148 | Orc:2    | Found a roughly hewn altar of Beogh.
 15151 | Orc:2    | Found Ecobeagg's Book Emporium.
 15163 | Orc:2    | Found Meilyogu's General Store.
 15181 | Orc:2    | Found Uruth's Antique Armour Emporium.
 15245 | Orc:2    | Bought a runed buckler for 195 gold pieces
 15245 | Orc:2    | Bought a pair of runed gloves for 195 gold pieces
 15323 | Orc:2    | Found Vorribao's Antique Weapon Emporium.
 15345 | Orc:2    | Bought a scroll of teleportation for 39 gold pieces
 15345 | Orc:2    | Bought a lamp of fire for 520 gold pieces
 15345 | Orc:2    | Bought a scroll of fog for 26 gold pieces
 15724 | D:12     | Noticed Nessos
 15733 | D:12     | Killed Nessos
 15733 | D:12     | Received a gift from Okawaru
 16291 | D:13     | Noticed Sonja
 16301 | D:13     | Killed Sonja
 16409 | D:13     | Found Upydwyke's Antique Weapon Shop.
 16499 | D:13     | Noticed a shadow dragon
 16507 | D:13     | Reached XP level 15. HP: 148/148 MP: 19/19
 16521 | D:13     | Killed a shadow dragon
 16927 | D:14     | Reached skill level 18 in Fighting
 16933 | D:14     | Got a pitted glaive
 17148 | D:14     | Found a runed translucent door.
 17281 | D:14     | Got a scorched glaive
 17460 | D:14     | Received a gift from Okawaru
 17490 | D:14     | Found a gate to the Vaults.
 17648 | D:15     | Entered Level 15 of the Dungeon
 17898 | D:15     | Received a gift from Okawaru
 17933 | D:15     | Found a gate leading to a gauntlet.
 17949 | D:15     | Identified the +3 glaive "Pem Couw" {drain, rF++} (You
                  | found it on level 14 of the Dungeon)
 17951 | Gauntlet | Entered a Gauntlet
 17951 | Gauntlet | Found a transporter.
 17958 | Gauntlet | Found a transporter.
 17960 | Gauntlet | Found a transporter.
 17965 | Gauntlet | Found a runed translucent door.
 17967 | Gauntlet | Found a runed translucent door.
 17969 | Gauntlet | Found a transporter.
 17971 | Gauntlet | Found a transporter.
 17986 | Gauntlet | Found a transporter.
 17995 | Gauntlet | Found a runed translucent door.
 17997 | Gauntlet | Found a transporter.
 17999 | Gauntlet | Found a runed translucent door.
 18007 | Gauntlet | Found a transporter.
 18017 | Gauntlet | Found a transporter.
 18022 | Gauntlet | Found a transporter.
 18050 | Gauntlet | Found a transporter.
 18050 | Gauntlet | Found a transporter.
 18108 | Gauntlet | Found a transporter.
 18109 | Gauntlet | Found a transporter.
 18207 | Gauntlet | Reached skill level 19 in Fighting
 18305 | Gauntlet | Got a crude bronze amulet
 18307 | Gauntlet | Identified the +6 glaive "Axkic" {venom, rPois rC- rN+
                  | Str+3} (You found it on level 14 of the Dungeon)
 18308 | Gauntlet | Identified the amulet of Winter {Spirit rC+ SInv} (You
                  | found it in a Gauntlet)
 18314 | Gauntlet | Got a pair of brightly glowing gloves
 18325 | Gauntlet | Identified the cursed +0 pair of gloves "Nesy" {*Corrode
                  | +Inv rPois Str+6} (You found it in a Gauntlet)
 18355 | Gauntlet | Identified the +8 morningstar of Indomitability {crush,
                  | rElec}
 18586 | D:15     | Found Keid's Jewellery Shop.
 18640 | D:15     | Found a staircase to the Depths.
 18775 | D:15     | Found Nuic's Food Emporium.
 18813 | D:15     | Found Farez's Book Shoppe.
 18930 | D:15     | Found Piamookk's Antique Weapon Shop.
 19018 | D:15     | Got an encrusted buckler
 19073 | D:15     | Found Zyocs's General Store.
 19077 | D:15     | Bought a potion of heal wounds for 70 gold pieces
 19243 | D:11     | Identified the +1 buckler "Bafuxeu" {rN+ Int-2 SInv} (You
                  | found it on level 15 of the Dungeon)
 19336 | Shoals:1 | Entered Level 1 of the Shoals
 19439 | Shoals:1 | Received a gift from Okawaru
 19683 | Shoals:1 | Reached XP level 16. HP: 130/161 MP: 15/20
 19727 | Shoals:1 | Received a gift from Okawaru
 19728 | Shoals:1 | Got a smelly ring mail {god gift}
 20254 | Shoals:2 | Reached skill level 20 in Fighting
 20641 | Shoals:2 | Noticed Nikola
 20658 | Shoals:2 | Killed Nikola
 20894 | Shoals:2 | Identified the +3 ring mail of the Trees {Str+3} (Okawaru
                  | gifted it to you on level 1 of the Shoals)
 21113 | Shoals:3 | Noticed a kraken
 21135 | Shoals:3 | Killed a kraken
 21135 | Shoals:3 | Received a gift from Okawaru
 21138 | Shoals:3 | Got ancient quicksilver dragon scales {god gift}
 21508 | Shoals:3 | Found a runed translucent gate.
 21508 | Shoals:3 | Found a runed translucent gate.
 21508 | Shoals:3 | Found a runed translucent gate.
 21508 | Shoals:3 | Noticed Mryle's ghost (adept SpEn)
 21542 | Shoals:3 | Killed Mryle's ghost
 21815 | Spider:1 | Entered Level 1 of the Spider Nest
 21988 | Spider:1 | Reached skill level 5 in Shields
 22211 | Spider:1 | Reached XP level 17. HP: 146/172 MP: 19/21
 22498 | Spider:1 | Noticed Asterion
 22512 | Spider:1 | Killed Asterion
 22705 | Spider:1 | Identified the quicksilver dragon scales "Etzedgh" {rN+
                  | MR+} (Okawaru gifted it to you on level 3 of the Shoals)
 23014 | Spider:2 | Received a gift from Okawaru
 23015 | Spider:2 | Found the +7 Kryia's mail coat {PotionHeal*2 rC+}
 24959 | Shoals:4 | Entered Level 4 of the Shoals
 24964 | Shoals:4 | Noticed Ilsuiw
 24992 | Shoals:4 | Killed Ilsuiw
 24992 | Shoals:4 | Reached skill level 21 in Fighting
 25152 | Shoals:4 | Received a gift from Okawaru
 25155 | Shoals:4 | HP: 7/173 [faun/+0 spear[a satyr] (16)]
 25155 | Shoals:4 | Mangled by a faun

Levels and vault maps discovered:
D:1:      saegor_arrival_simple_d, layout_loops_ring,
          chequers_serial_rivers_micro_a, minmay_pentomino_u4
D:2:      layout_rooms, minmay_misc_feat_tiny, okawaru_trees_1, uniq_natasha
D:3:      layout_basic
D:4:      layout_cave_pools, temple_statues, first_ration, minmay_vboxes,
          uniq_blork_the_orc
D:5:      layout_rooms, marbit_many_paths
D:6:      layout_cave_pools, nicolae_dithmenos_the_darkroom,
          hangedman_feature_mirror, nemelex_lonely_heart_becter
D:7:      layout_basic, nemelex_altar_shiori, serial_shops, nicolae_shop_trees,
          uniq_duvessa
D:8:      layout_loops_corners, nicolae_ossuary_entry_plus, grunt_pizzeria,
          uniq_grum
D:9:      layout_cave_pools, fedhas_altar_2
D:10:     layout_roguey, serial_shops, shop, shop_statue, nicolae_shop_crystal,
          uniq_joseph
D:11:     layout_loops_ring, due_lair_maze_entry_diamond, serial_shops, shop
D:12:     layout_long_grid, hiddenorc2_lemuel, drop_trap, uniq_nessos
D:13:     hangedman_cross_veins, layout_rooms, serial_shops, shop,
          minmay_strange_pillars, uniq_sonja
D:14:     layout_rooms, grunt_vaults_entry_tiered, minmay_crystal_box
D:15:     hangedman_depths_entry_civil_slaughter, layout_basic, serial_shops,
          shop, nicolae_shop_crystal, shop, nicolae_shop_waterfront, shop,
          gauntlet_entry_generic, hangedman_cracks_in_the_wall
Lair:1:   layout_hall_layers, wad_woods_road_02
Lair:2:   layout_layer_cave
Lair:3:   layout_cave_pods, beast_lair_carwin_11, grunt_megastairs_3
Lair:4:   layout_roguey, elwin_shoals_entry_stream, spider_nest_entry_web_field,
          chequers_serial_rivers_small_a
Lair:5:   layout_gridlike, minmay_slime_entry_oklob_enclosed,
          chequers_serial_rivers_small_a, minmay_stone_trees_small
Lair:6:   grunt_lair_end_beastmaster, layout_cave_pods,
          nicolae_volcano_entry_hallway
Shoals:1: layout_shoals
Shoals:2: layout_shoals, uniq_nikola
Shoals:3: layout_shoals, ebering_ghost_rock_garden,
          nicolae_shoals_square_sea_wall, nicolae_shoals_kraken_intersection
Shoals:4: shoals_end_hangedman, layout_shoals, shoals_ilsuiw_ice
Spider:1: layout_spider_delve, uniq_asterion
Spider:2: layout_chambers, nicolae_spider_cling_halls
Spider:3: layout_spider_delve, minivault_29
Orc:1:    layout_caves, uniq_nergalle
Orc:2:    grunt_orc_cross, layout_caves

Skill      XL: |  1  2  3  4  5  6  7  8  9 10 11 12 13 14 15 16 17 |
---------------+----------------------------------------------------+-----
Polearms       | 4 5 6 8 9 11 13 14 | 14.0
Fighting       | 7 10 11 13 15 17 19 20 21 | 21.1
Dodging        | 7 10 12 14 16 18 19 | 19.6
Shields        | 4 5 9 |  9.7
Invocations    | 5 7 |  7.5
Evocations     | 3 5 6 9 |  9.1
Stealth        | |  1.5

Action                   |  1- 3 |  4- 6 |  7- 9 | 10-12 | 13-15 | 16-18 || total
-------------------------+-------+-------+-------+-------+-------+-------++-------
Melee: Spear             |    67 |   229 |   106 |       |       |       ||   402
       Headbutt          |     8 |    32 |    82 |   132 |   351 |   215 ||   820
       Trident           |       |       |   321 |   280 |       |       ||   601
       Demon trident     |       |       |       |   430 |  1455 |  1021 ||  2906
Invok: Heroism           |       |       |     1 |       |     2 |     2 ||     5
 Abil: Evoke Flight      |       |       |       |       |       |     4 ||     4
Evoke: Wand              |       |       |       |       |    11 |     3 ||    14
  Use: Scroll            |     2 |     6 |     5 |    12 |    12 |     3 ||    40
       Potion            |     1 |     7 |     2 |       |     4 |     2 ||    16
 Stab: Sleeping          |       |     1 |     3 |    13 |     3 |     3 ||    23
       Distracted        |       |       |     1 |       |     3 |       ||     4
       Petrifying        |       |       |       |       |     4 |       ||     4
       Invisible         |       |       |       |       |     4 |       ||     4
       Petrified         |       |       |       |       |     2 |       ||     2
       Held in net/web   |       |       |       |       |       |     1 ||     1
  Eat: Chunk             |       |     4 |     7 |    22 |    26 |    13 ||    72
       Ration            |       |       |     1 |       |       |     2 ||     3
Armor: Robe              |     6 |       |       |       |       |       ||     6
       Scale mail        |    13 |       |       |       |       |       ||    13
       Chain mail        |       |    55 |       |       |       |       ||    55
       Ring mail         |       |     1 |    50 |       |   155 |    91 ||   297
       Leather armour    |       |       |    11 |    72 |       |       ||    83
       Troll leather arm |       |       |       |     7 |       |       ||     7
       Acid dragon scale |       |       |       |       |     3 |    62 ||    65
Dodge: Dodged            |    34 |    54 |   127 |   353 |   510 |   674 ||  1752
Block: Other             |       |    16 |    34 |       |       |       ||    50
       Reflection        |       |       |     6 |       |    36 |    14 ||    56
       Buckler           |       |       |    24 |   181 |   428 |   321 ||   954
